 Dungeon Crawl Stone Soup version 0.18-a0-943-g2c08dd4 (webtiles) character file.

60 filipzpl the Magician (level 3, -4/19 HPs)
             Began as a Deep Elf Wizard on Dec 28, 2015.
             Slain by a giant frog skeleton (6 damage)
             ... on level 3 of the Dungeon.
             The game lasted 00:10:19 (2033 turns).

filipzpl the Magician (Deep Elf Wizard)             Turns: 2033, Time: 00:10:19

Health: -4/19      AC:  8    Str:  4    XL:     3   Next: 80%
Magic:  1/12       EV: 12    Int: 23    God:
Gold:   127        SH:  0    Dex: 13    Spells: 2 memorised, 10 levels left

rFire  . . .     SeeInvis .     (no weapon)
rCold  . . .     Gourm    .     a - +0 robe
rNeg   . . .     Faith    .     (no shield)
rPois  .         Spirit   .     m - +1 helmet
rElec  .         Dismiss  .     p - +2 cloak
rCorr  .         Reflect  .     (no gloves)
SustAt .         Harm     .     s - +0 pair of boots
MR     .....                    (no amulet)
Stlth  ++........               (no ring)
                                e - ring of flight

@: not resistant to hostile enchantments, unstealthy
A: no striking features
a: Evoke Flight


You were on level 3 of the Dungeon.
You were very hungry.

You visited 1 branch of the dungeon, and saw 3 of its levels.

You collected 127 gold pieces.

Inventory:

Armour
 a - a +0 robe (worn)
 m - a +1 helmet (worn)
 p - a +2 cloak (worn)
 s - a +0 pair of boots (worn)
Jewellery
 e - a ring of flight (left hand)
Wands
 l - a wand of frost (21/48)
Potions
 b - a potion of agility {unknown}
 g - a potion of lignification {unknown}
 i - a potion of curing
 j - a potion of might {unknown}
 k - a potion of resistance {unknown}
 n - a potion of brilliance {unknown}
 r - a potion of cure mutation {unknown}
Books
 c - a book of Minor Magic

   Spells                             Type                      Level
   a - Magic Dart                     Conjuration                  1
   b - Blink                          Translocation                2
   c - Call Imp                       Summoning                    2
   d - Repel Missiles                 Charms/Air                   2
   e - Slow                           Hexes                        2
   f - Conjure Flame                  Conjuration/Fire             3
   g - Mephitic Cloud                 Conjuration/Poison/Air       3
Comestibles
 d - a bread ration
 f - a royal jelly
 o - a slice of pizza


   Skills:
 - Level 2.4 Dodging
 - Level 2.4 Stealth
 * Level 6.0 Spellcasting
 + Level 2.1 Conjurations
   Level 1.1 Summonings
   Level 1.1 Translocations
 + Level 0.2 Air Magic
 + Level 0.2 Poison Magic


You had 10 spell levels left.
You knew the following spells:

 Your Spells              Type           Power        Failure   Level  Hunger
a - Magic Dart            Conj           ###.         3%          1    None
b - Mephitic Cloud        Conj/Pois/Air  ##......     21%         3    #......


Dungeon Overview and Level Annotations

Branches:
Dungeon (3/15)

Altars:


Message History

Confirm with . or Enter, or press ? or * to list all spells.
Aiming: Magic Dart
Press: ? - help, Shift-Dir - straight line, f/p - adder
Aim: an adder (noxious fumes, severely wounded, confused)
The magic dart hits the adder.
The adder is almost dead.
The adder is engulfed in noxious fumes.
The adder appears confused.
The orc hits the orc.
Casting: Magic Dart
Confirm with . or Enter, or press ? or * to list all spells.
Aiming: Magic Dart
Press: ? - help, Shift-Dir - straight line, f/p - adder
Aim: an adder (almost dead, confused)
The magic dart hits the adder.
You kill the adder!
Your Spellcasting skill increases to level 6!
The giant frog skeleton hits you.
* * * LOW HITPOINT WARNING * * *
The giant frog skeleton hits you.
You die...

#. #######....o##.#
....#
##.......#l#.....#
..........#o#.....#
###...............#
##.....##o#.....#
#......##o#.....#
##.......#.# .?..#
[.....?.Z#o# ....#
.......@.o.# ####
###.....####
##...## ####


You could see 2 orcs and a giant frog skeleton.

Vanquished Creatures
  3 adders
  2 giant cockroaches (D:1)
  8 goblins
  5 hobgoblins
  A quokka (D:2)
  2 bats (D:1)
  2 giant newts
  7 kobolds
  4 rats
34 creatures vanquished.

Notes
Turn   | Place    | Note
--------------------------------------------------------------
     0 | D:1      | filipzpl the Deep Elf Wizard began the quest for the Orb.
     0 | D:1      | Reached XP level 1. HP: 10/10 MP: 7/7
   388 | D:1      | Reached XP level 2. HP: 7/15 MP: 0/9
   510 | D:1      | Reached skill level 5 in Spellcasting
  1434 | D:2      | Reached XP level 3. HP: 19/19 MP: 3/12
  1922 | D:2      | Learned a level 3 spell: Mephitic Cloud
  2030 | D:3      | Reached skill level 6 in Spellcasting
  2033 | D:3      | Slain by a giant frog skeleton

Vault maps used:
D:1:      lightli_arrival_maybe_door_vault
D:3:      first_bread, grunt_dithmenos_smoke

Action                   || total
-------------------------++-------
 Cast: Magic Dart        ||    81
       Mephitic Cloud    ||     6
  Use: Scroll            ||     7
  Eat: Chunk             ||     2
